 Dungeon Sprint DCSS version 0.28.0-53-g5a82cb258f (webtiles) character file.

Game seed: 6463775358207641574

6412 Zeld the Eclecticist (level 10, -6/50 HPs)
             Began as a Deep Elf Conjurer on June 5, 2022.
             Was the Champion of Sif Muna.
             Killed by divine providence
             ... invoked by an orc high priest
              (11 damage)
             ... in the Dungeon (Sprint III: "The Ten Rune Challenge").
             The game lasted 00:05:00 (2739 turns).

Zeld the Eclecticist (Deep Elf Conjurer)            Turns: 2739, Time: 00:05:00

Health: -6/50      AC:  2    Str:  4    XL:     10   Next: 66%
Magic:  7/35       EV: 15    Int: 28    God:    Sif Muna [******]
Gold:   33         SH:  0    Dex: 13    Spells: 25/48 levels left

rFire   . . .      SeeInvis .   (no weapon)
rCold   . . .      Faith    .   (no shield)
rNeg    . . .      Spirit   .   a - +0 robe
rPois   .          Reflect  .   (no helmet)
rElec   .          Harm     .   (no cloak)
rCorr   .          Rampage  .   (no gloves)
Will    +....      NoTele   +   (no boots)
Stlth   ++++......              (no amulet)
HPRegen 0.16/turn               (no ring)
MPRegen 0.24/turn               (no ring)

@: channelling
A: no striking features
a: Renounce Religion, Channel Magic, Forget Spell, Divine Exegesis


You were in the Dungeon.
You worshipped Sif Muna.
Sif Muna was exalted by your worship.
You visited 1 branch You collected 33 gold pieces.

Inventory:

Armour
 a - a +0 robe (worn)
Wands
 e - a wand of flame (9)
Scrolls
 h - 3 scrolls of identify
 i - 2 scrolls of immolation {unknown}
 j - a scroll of fog {unknown}
Potions
 d - 2 potions of haste
 f - 3 potions of berserk rage
 k - 4 potions of mutation
 l - a potion of might
Miscellaneous
 g - a lightning rod (4/4)


   Skills:
 - Level 8.0 Dodging
 - Level 8.0 Stealth
 * Level 19.8 Spellcasting
 + Level 13.7 Conjurations
 - Level 2.0 Hexes
 - Level 2.0 Translocations
 * Level 9.6 Air Magic
 - Level 12.0 Invocations


You had 25 spell levels left.
You knew the following spells:

 Your Spells              Type           Power      Damage    Failure   Level
a - Magic Dart            Conj           100%       1d8       0%          1
b - Searing Ray           Conj           100%       2d8       0%          2
c - Fulminant Prism       Conj/Hex       32%        3d16      1%          4
d - Iskenderun's Mystic   Conj/Tloc      64%        2d13      1%          4
x - Manifold Assault      Tloc           39%        N/A       19%         5
z - Orb of Destruction    Conj           40%        9d11      4%          7

Your spell library contained the following spells:

 Spells                   Type           Power      Damage    Failure   Level
 Blink                    Tloc           78%        N/A       1%          2
 Ensorcelled Hibernation  Hex/Ice        66%        N/A       1%          2
 Dazzling Flash           Conj/Hex       100%       N/A       1%          3
 Swiftness                Air            70%        N/A       1%          3
 Flame Wave               Conj/Fire      60%        2d12      1%          4
 Summon Lightning Spire   Summ/Air       53%        N/A       1%          4
 Iskenderun's Battlesphe  Conj           81%        2d13      1%          5
 Call Imp                 Summ           27%        N/A       2%          2
 Passwall                 Tmut/Erth      22%        N/A       2%          2
 Fireball                 Conj/Fire      30%        3d13      2%          5
 Summon Guardian Golem    Hex/Summ       33%        N/A       3%          3
 Animate Armour           Summ/Erth      54%        N/A       14%         4
 Summon Forest            Summ/Tloc      16%        N/A       26%         5
 Lee's Rapid Deconstruct  Erth           13%        3d10*     38%         5
 Spellforged Servitor     Conj/Summ      30%        N/A       58%         7
 Storm Form               Tmut/Air       26%        N/A       86%         7
 Maxwell's Capacitive Co  Air            35%        ∞         88%         8
 Haunt                    Necr/Summ      13%        N/A       100%        7
 Malign Gateway           Summ/Tloc      16%        N/A       100%        7
 Chain Lightning          Conj/Air       38%        3d50      100%        9
 Dragon's Call            Summ           13%        N/A       100%        9


Dungeon Overview and Level Annotations

Branches:
Dungeon (1/1)

Altars:
Cheibriados
Dithmenos
Elyvilon
Fedhas
Gozag
Hepliaklqana
Kikubaaqudgha
Makhleb
Nemelex Xobeh
Okawaru
Qazlal
Ru
Sif Muna
Trog
Uskayaw
Vehumet
Wu Jian
Xom
Yredelemnul
Zin
The Shining One
Beogh
Jiyva
Lugonu


Message History

The orc high priest calls upon Beogh to heal the orc high priest.
The orc high priest is healed somewhat.
The orc high priest mumbles some strange prayers to Beogh against you.
Beogh smites you!
* * * LOW HITPOINT WARNING * * *
Unknown command.
Casting: Iskenderun's Mystic Blast (dangerous; 1% risk of failure)
Confirm with . or Enter, or press ? or * to list all spells.
You erupt in a blast of force!
The mystic blast hits the soul eater but does no damage.
The mystic blast hits the orc high priest!
The orc high priest is almost dead.
The orc high priest is knocked back by the mystic blast.
The orc high priest slams into the rock wall!
The orc high priest is almost dead.
The mystic blast hits the orc high priest!!
The orc high priest is severely wounded.
The orc high priest is knocked back by the mystic blast.
The orc high priest collides with the orc high priest!
The orc high priest is severely wounded. x2
The orc high priest mumbles some strange prayers to Beogh.
Unknown command.
Casting: Iskenderun's Mystic Blast (dangerous; 1% risk of failure)
Confirm with . or Enter, or press ? or * to list all spells.
You erupt in a blast of force!
The mystic blast hits the soul eater.
The soul eater is lightly wounded.
The soul eater is knocked back by the mystic blast.
The mystic blast hits the red devil!!
You kill the red devil!
The red devil disappears in a puff of smoke!
The mystic blast hits the orc high priest!
You kill the orc high priest!
Sif Muna accepts your kill.
You see here an Everburning Encyclopedia.
Sif Muna grants you a gift!
The orc high priest calls upon Beogh to heal the orc high priest.
The orc high priest is healed somewhat.
The orc high priest calls down the wrath of Beogh upon you.
Beogh smites you!
You die...

.....≈≈≈...#...^...#.......#
≈≈≈≈≈≈≈♣♣..'.......#.......#
♣♣♣♣♣♣♣♣♣..#...^...#########
♣♣♣##)######## #...'.≈≈≈§#
#...#.≈≈≈≈# #...#.#§§≈#
#####.# §≈≈# #3...@# ≈≈≈
#.4§).# ≈≈ #o.)..# #.o...#
#+#####


You could see a soul eater (summoned), 2 orc high priests and an orange demon
(summoned).

Vanquished Creatures
  Dowan (D)
  Erolcha (D)
  A deep elf pyromancer (D)
  Duvessa (D)
  A queen bee (D)
  3 wandering mushrooms (D)
  An orc high priest (D)
  A shadow (D)
  2 redbacks (D)
  A spatial vortex (D)
  A necrophage (D)
  5 two-headed ogres (D)
  A scorpion (D)
  A water elemental (D)
  32 killer bees (D)
  A jelly (D)
  An orc priest (D)
  A wizard (D)
  Jessica (D)
  A necromancer (D)
  3 humans (D)
  A kobold demonologist (D)
  An endoplasm (D)
  2 rats (D)
  A fulminant prism (D)
66 creatures vanquished.

Vanquished Creatures (others)
  7 fulminant prisms (D)
  11 plants (D)
18 creatures vanquished.

Grand Total: 84 creatures vanquished

Notes
Turn   | Place    | Note
-------+----------+-------------------------------------------
     0 | D        | Zeld the Deep Elf Conjurer began the quest for the Orb.
     0 | D        | Reached XP level 1. HP: 10/10 MP: 6/6
     8 | D        | Reached skill level 1 in Hexes
     8 | D        | Reached skill level 1 in Translocations
    52 | D        | Noticed Jessica
    56 | D        | Killed Jessica
    57 | D        | Reached skill level 5 in Spellcasting
    57 | D        | Reached skill level 5 in Conjurations
    57 | D        | Reached XP level 2. HP: 15/15 MP: 2/10
    63 | D        | Learned a level 2 spell: Searing Ray
   127 | D        | Reached XP level 3. HP: 19/19 MP: 10/12
   161 | D        | Reached skill level 6 in Spellcasting
   270 | D        | Noticed a scorpion
   278 | D        | Killed a scorpion
   279 | D        | Reached skill level 5 in Stealth
   279 | D        | Reached skill level 7 in Spellcasting
   279 | D        | Reached XP level 4. HP: 7/24 MP: 3/15
   346 | D        | Learned a level 4 spell: Fulminant Prism
   351 | D        | Learned a level 4 spell: Iskenderun's Mystic Blast
   587 | D        | Noticed a water elemental
   597 | D        | Killed a water elemental
   598 | D        | Reached skill level 9 in Spellcasting
   598 | D        | Reached XP level 5. HP: 13/28 MP: 11/18
   650 | D        | Found a radiant altar of Vehumet.
   650 | D        | Found a shimmering blue altar of Sif Muna.
   650 | D        | Found an ancient bone altar of Kikubaaqudgha.
   654 | D        | Became a worshipper of Sif Muna the Loreminder
   831 | D        | Found a basalt altar of Yredelemnul.
   831 | D        | Found a shadowy altar of Dithmenos.
   831 | D        | Found a sacrificial altar of Ru.
   831 | D        | Noticed a necrophage
   834 | D        | Reached * piety under Sif Muna
   835 | D        | Killed a necrophage
   836 | D        | Reached skill level 10 in Spellcasting
   836 | D        | Reached XP level 6. HP: 32/32 MP: 7/21
   896 | D        | Noticed a shadow
   904 | D        | Killed a shadow
   905 | D        | Reached skill level 11 in Spellcasting
   906 | D        | Reached ** piety under Sif Muna
   986 | D        | Found a blossoming altar of Fedhas.
   986 | D        | Found a stormy altar of Qazlal.
   986 | D        | Noticed a spatial vortex
   993 | D        | Found a snail-covered altar of Cheibriados.
   993 | D        | Found a burning altar of Makhleb.
   993 | D        | Found a hazy altar of Hepliaklqana.
   993 | D        | Found a shimmering altar of Xom.
   993 | D        | Found an opulent altar of Gozag.
   993 | D        | Found a sparkling altar of Nemelex Xobeh.
   993 | D        | Found a corrupted altar of Lugonu.
   993 | D        | Found a viscous altar of Jiyva.
   995 | D        | Killed a spatial vortex
   996 | D        | Reached skill level 5 in Dodging
   996 | D        | Reached skill level 12 in Spellcasting
   996 | D        | Reached XP level 7. HP: 36/36 MP: 7/24
  1153 | D        | Found a hide-covered altar of Uskayaw.
  1153 | D        | Found an iron altar of Okawaru.
  1153 | D        | Found a bloodstained altar of Trog.
  1153 | D        | Found an ornate altar of the Wu Jian Council.
  1153 | D        | Noticed a human
  1154 | D        | Noticed a human
  1156 | D        | Killed a human
  1157 | D        | Killed a human
  1158 | D        | Reached skill level 13 in Spellcasting
  1158 | D        | Reached skill level 10 in Conjurations
  1261 | D        | Found a glowing silver altar of Zin.
  1261 | D        | Found a glowing golden altar of the Shining One.
  1261 | D        | Found a white marble altar of Elyvilon.
  1261 | D        | Noticed a deep elf pyromancer
  1267 | D        | Killed a deep elf pyromancer
  1267 | D        | Reached *** piety under Sif Muna
  1268 | D        | Reached skill level 14 in Spellcasting
  1268 | D        | Reached XP level 8. HP: 41/41 MP: 10/28
  1421 | D        | Reached skill level 10 in Invocations
  1536 | D        | Noticed a two-headed ogre
  1544 | D        | Killed a two-headed ogre
  1544 | D        | Reached **** piety under Sif Muna
  1545 | D        | Reached skill level 15 in Spellcasting
  1545 | D        | Noticed Erolcha
  1555 | D        | Killed Erolcha
  1556 | D        | Reached skill level 16 in Spellcasting
  1556 | D        | Reached XP level 9. HP: 45/45 MP: 14/31
  1827 | D        | Noticed a two-headed ogre
  1829 | D        | Reached skill level 1 in Air Magic
  1836 | D        | Killed a two-headed ogre
  1909 | D        | Noticed a wandering mushroom
  1923 | D        | Noticed a wandering mushroom
  1925 | D        | Noticed a wandering mushroom
  1933 | D        | Killed a wandering mushroom
  1933 | D        | Reached ***** piety under Sif Muna
  1934 | D        | Reached skill level 17 in Spellcasting
  1944 | D        | Killed a wandering mushroom
  1944 | D        | Received a gift from Sif Muna
  1945 | D        | Reached skill level 5 in Air Magic
  1946 | D        | Killed a wandering mushroom
  1950 | D        | Got Sif Muna's Guide on Arcane Weapons and Curses {god
                  | gift}
  1959 | D        | Learned a level 7 spell: Orb of Destruction
  2055 | D        | Noticed a queen bee
  2057 | D        | Received a gift from Sif Muna
  2058 | D        | Reached skill level 18 in Spellcasting
  2058 | D        | Reached XP level 10. HP: 12/50 MP: 20/34
  2060 | D        | Received a gift from Sif Muna
  2061 | D        | Reached ****** piety under Sif Muna
  2062 | D        | Received a gift from Sif Muna
  2063 | D        | Reached skill level 19 in Spellcasting
  2312 | D        | Got Sif Muna's Tome of Creation {god gift}
  2319 | D        | Learned a level 5 spell: Manifold Assault
  2405 | D        | Got Sif Muna's Incunabulum of Earthen Attacks {god gift}
  2538 | D        | Noticed Dowan
  2538 | D        | Noticed Duvessa
  2549 | D        | Killed Dowan
  2551 | D        | Killed Duvessa
  2727 | D        | Noticed a smoke demon
  2735 | D        | Noticed a soul eater
  2739 | D        | Noticed an orange demon
  2739 | D        | Received a gift from Sif Muna
  2739 | D        | Killed from afar by an orc high priest

Illustrated notes

Levels and vault maps discovered:
D:        dungeon_sprint_mu [sprint_mu_entry_cave, sprint_mu_temple_rooms,
          sprint_mu_d1_spiders, sprint_mu_d2_genie, sprint_mu_d3_branching,
          sprint_mu_orc_legion, sprint_mu_elf_gauntlet, sprint_mu_hive_nellie,
          sprint_mu_lair_fedhas, sprint_mu_vaults_butterflies,
          sprint_mu_slime_circle, sprint_mu_shoals_kraken,
          sprint_mu_snake_twists, sprint_mu_blade_basic,
          sprint_mu_crypt_chambers, sprint_mu_tomb_spiral,
          sprint_mu_vestibule_basic, sprint_mu_gehenna_hellfire,
          sprint_mu_dis_giant, sprint_mu_tartarus_statrot,
          sprint_mu_cocytus_islands, sprint_mu_zot1]

Skill      XL: |  1  2  3  4  5  6  7  8  9 10 |
---------------+-------------------------------+-----
Hexes          | 2 |  2.0
Translocations | 2 |  2.0
Spellcasting   | 5 7 9 10 12 14 16 18 19 | 19.8
Conjurations   | 5 7 8 9 10 11 12 13 | 13.7
Stealth        | 5 6 8 |  8.0
Invocations    | 4 7 9 11 12 | 12.0
Dodging        | 3 5 7 8 |  8.0
Air Magic      | 6 9 |  9.6

Action                   |  1- 3 |  4- 6 |  7- 9 | 10-12 || total
-------------------------+-------+-------+-------+-------++-------
Melee: Unarmed           |       |       |     8 |       ||     8
 Cast: Magic Dart        |     8 |       |       |       ||     8
       Searing Ray       |     6 |     6 |     5 |     1 ||    18
       Iskenderun's Myst |       |     8 |    27 |    23 ||    58
       Fulminant Prism   |       |       |     6 |     2 ||     8
Invok: Channel Magic     |       |       |     3 |     1 ||     4
  Use: Potion            |     1 |     2 |       |     2 ||     5
       Scroll            |       |     1 |       |       ||     1
Armor: Robe              |       |       |     1 |       ||     1
Dodge: Dodged            |    12 |     3 |     8 |     6 ||    29
